cohdb
Replays
Latest Replays
All Replays
Popular Replays
Top Player Replays
Match Explorer
How It Works
Community
CoH3 Stats
Reddit
Sign in to upload your games and track your stats! →
Sign in with Steam
Match 45542902
Unlisted
Match 45542902
Overview
Messages
Build Orders
End
Kradschützen Motorcycle Team
Panzerpioneer Squad
Selects Battlefield Espionage Battlegroup
Panzerpioneer Squad
Panzerpioneer Squad
Construct Light Support Kompanie
2.5-tonne Medical Truck
Panzerjäger Squad
Selects Intel Disruption Beacon
Panzerjäger Squad
Construct Mechanized Kompanie
Construct Panzerarmee Kommand
Selects Plunder
Vehicle Survival Package
Panzer III L Medium Tank
Emergency Repair Kits
Panzer III L Medium Tank
Tungsten Core Ammunition
꿀뜨개Honeydipper
Leiarde
SteveMcQueef
Skeng.Tecnica.International
Rather Splendid Cromwell
FloofieDog
0
0
Comments
sign in to comment!
No comments posted yet!